 Dungeon Crawl Stone Soup version 0.18.1-5-g4a78601 (webtiles) character file.

29 HungrySpirit the Ducker (level 3, 0/52 HPs)
             Began as an Ogre Arcane Marksman on May 11, 2016.
             Was a Believer of Lugonu.
             Killed by a spatial distortion (4 damage)
             ... on level 2 of the Dungeon.
             The game lasted 00:03:16 (1173 turns).

HungrySpirit the Ducker (Ogre Arcane Marksman)      Turns: 1173, Time: 00:03:16

Health: 0/52       AC: 21    Str: 17    XL:     3   Next: 16%
Magic:  1/4        EV:  1    Int: 12    God:    Lugonu [**....]
Gold:   51         SH:  0    Dex:  9    Spells: 1 memorised, 3 levels left

rFire  . . .     SeeInvis .     q - +0 whip
rCold  . . .     Gourm    .     (armour currently unavailable)
rNeg   + + +     Faith    .     (no shield)
rPois  +         Spirit   .     (helmet currently unavailable)
rElec  .         Dismiss  .     (cloak currently unavailable)
rCorr  .         Reflect  .     (gloves unavailable)
SustAt .         Harm     .     (boots unavailable)
MR     .....     NoTele   +     (no amulet)
Stlth  +.........               (no ring)
                                j - ring of poison resistance

@: tree-form, not resistant to hostile enchantments, very unstealthy
A: unfitting armour, (fire resistance 0), (tough skin 0)
a: Depart the Abyss, Bend Space, Renounce Religion


You were on level 2 of the Dungeon.
You worshipped Lugonu.
Lugonu was pleased with you.
You were very hungry.
You were a tree.
You visited 1 branch of the dungeon, and saw 2 of its levels.

You collected 51 gold pieces.

Inventory:

Hand Weapons
 q - a +0 whip (weapon)
Missiles
 c - 4 large rocks (quivered)
 d - 2 throwing nets
Armour
 a - a +0 robe (melded)
Jewellery
 j - a ring of poison resistance (left branch)
 k - a +3 ring of evasion {unknown}
Scrolls
 g - a scroll of noise
Books
 b - a book of Debilitation

   Spells                             Type                      Level
   a - Corona                         Hexes                        1
   b - Slow                           Hexes                        2
   c - Gell's Gravitas                Hexes/Translocation          3
   d - Inner Flame                    Hexes/Fire                   3
   e - Cause Fear                     Hexes                        4
   f - Leda's Liquefaction            Hexes/Earth                  4
Comestibles
 f - 2 bread rations
 l - a royal jelly
 n - a meat ration


   Skills:
 - Level 1.8 Fighting
 * Level 2.0 Maces & Flails
 - Level 2.1 Throwing
 + Level 2.4 Dodging
 - Level 1.2 Spellcasting
 - Level 2.1 Hexes


You had 3 spell levels left.
You knew the following spells:

 Your Spells              Type           Power        Failure   Level  Hunger
a - Corona                Hex            #......      14%         1    ##.....


Dungeon Overview and Level Annotations

Branches:
Dungeon (2/15)

Altars:
Fedhas
Nemelex Xobeh
Lugonu


Innate Abilities, Weirdness & Mutations

You are too large for most types of armour.
((You have tough skin (AC +1).))
((Your flesh is heat resistant.))


Message History

The gnoll hits you but does no damage. x2
The gnoll hits you but does no damage. x2
The gnoll hits you but does no damage.
The gnoll hits you but does no damage. x2
There are monsters nearby!
You cannot move.
You cannot move.
You swing at nothing.
The gnoll hits you but does no damage. x2
You swing at nothing.
The gnoll hits you but does no damage. x2
You swing at nothing.
The gnoll barely misses you. x2
You swing at nothing.
The gnoll hits you but does no damage. x2
You swing at nothing.
The gnoll barely misses you.
You swing at nothing.
The gnoll hits you but does no damage.
The gnoll hits you from afar with a spear of freezing.
* * * LOW HITPOINT WARNING * * *
The gnoll freezes you.
* * * LOW HITPOINT WARNING * * *
You swing at nothing.
The gnoll hits you but does no damage. x2
Space bends around you!
You blink.
You die...

######## ## #...!..# #. #......#
#. #......# #. **#** #......# #.
*** *,..** #......# #. ,,*
*,*,.###*#......# #< ,,**
*,,*,...*#♣..g..#********#.
,,,*****.####.##...g.§#*,,,,,,,..
,,,,,,,,.......#.#.####*,,,,,,...
**,*******#..........###,,,,,g.._
*,*** ####..#.......,,,,...g.
*,..** #.....##....,,,......
**#..* *##.###.#*####,,.......
*#.#* ##...*#..# *,,,,,,,,,
#..###..##*#..#####****,,****


You could see 2 gnolls.

Vanquished Creatures
  2 dart slugs (D:1)
  A giant cockroach (D:1)
  A goblin (D:1)
  3 hobgoblins
  3 ball pythons (D:1)
  5 bats
  A giant newt (D:2)
  3 kobolds (D:1)
  6 rats
25 creatures vanquished.

Notes
Turn   | Place    | Note
--------------------------------------------------------------
     0 | D:1      | HungrySpirit the Ogre Arcane Marksman began the quest for the Orb.
     0 | D:1      | Reached XP level 1. HP: 19/19 MP: 2/2
   198 | D:1      | Reached XP level 2. HP: 4/28 MP: 3/3
   588 | D:1      | Reached skill level 1 in Maces & Flails
   808 | D:1      | Found a blossoming altar of Fedhas.
   883 | D:1      | Reached XP level 3. HP: 29/35 MP: 4/4
  1008 | D:2      | Found a sparkling altar of Nemelex Xobeh.
  1022 | D:2      | Found a faded altar to an unknown god.
  1044 | D:2      | Became a worshipper of Lugonu the Unformed
  1044 | D:2      | Reached * piety under Lugonu
  1044 | D:2      | Reached ** piety under Lugonu
  1153 | D:2      | Gained mutation: Your flesh is heat resistant. [potion of mutation]
  1153 | D:2      | Gained mutation: Your mind is acute. (Int +2) [potion of mutation]
  1153 | D:2      | Lost mutation: Your mind is acute. (Int +2) [potion of mutation]
  1173 | D:2      | Killed by a spatial distortion

Skill      XL: |  1  2  3 |
---------------+----------+-----
Dodging        | 2 |  2.4
Maces & Flails | 1 2 |  2.0
Fighting       | |  1.8
Throwing       | |  2.1
Spellcasting   | |  1.2
Hexes          | |  2.1

Action                   || total
-------------------------++-------
Melee: Unarmed           ||    23
       Club              ||    81
       Whip              ||     2
Throw: Large rock        ||     9
Invok: Bend Space        ||     4
  Use: Potion            ||     4
       Scroll            ||     3
Armor: Robe              ||    70
       Skin              ||    20
Dodge: Dodged            ||    97
